Description

Test.

Replay - Epic v Future: Game 6 - Triton LE

Build Order

Get SALT Encoding   

  12  0:00  SCV  
  13  0:12  SCV  
  14  0:17  Supply Depot  
  14  0:24  SCV  
  14  0:28  Refinery  
  15  0:38  SCV  
  16  0:44  Barracks  
  16  0:50  SCV  
  16  0:54  Refinery  
  17  1:02  SCV  
  18  1:15  SCV  
  19  1:31  Reaper  
  20  1:33  Orbital Command, Factory  
  20  1:42  Supply Depot  
  20  1:58  SCV  
  21  2:04  Reaper  
  22  2:10  SCV  
  23  2:17  Hellion  
  26  2:22  SCV  
  26  2:30  Command Center  
  26  2:34  SCV  
  27  2:38  Factory Tech Lab, Barracks Reactor  
  27  2:46  Starport  
  27  2:48  SCV  
  28  2:57  Cyclone  
  31  3:03  Supply Depot  
  31  3:24  Marine x2, Medivac  
  31  3:25  SCV  
  36  3:33  Siege Tank  
  39  3:37  Supply Depot  
  39  3:42  SCV, Marine x2  
  39  3:47  Orbital Command  
  42  3:54  SCV  
  43  4:07  Viking x2  
  43  4:09  SCV x2  
  49  4:21  SCV x2  
  50  4:24  Siege Tank  
  50  4:27  Marine  
  55  4:31  Supply Depot  
  52  4:42  SCV x2  
  47  4:49  Command Center  
  47  4:50  Viking  
  49  4:57  Viking  
  49  4:58  SCV  
  51  5:04  SCV  
  51  5:06  Marine  
  52  5:08  Refinery  
  52  5:11  SCV  
  53  5:16  SCV, Siege Tank  
  57  5:24  Marine  
  57  5:27  SCV x2  
  60  5:33  Viking  
  62  5:36  Supply Depot  
  62  5:40  Barracks x2  
  62  5:44  Viking  
  62  5:49  SCV x2  
  66  5:52  Barracks Tech Lab  
  66  5:59  Supply Depot  
  66  6:00  Siege Tank  
  66  6:01  SCV x2  
  71  6:13  SCV x2  
  71  6:14  Viking x2  
  77  6:25  SCV x2  
  79  6:26  Orbital Command  
  79  6:34  Siege Tank  
  79  6:38  Refinery, Marine x3  
  85  6:40  SCV x2  
  87  6:49  Stimpack  
  84  6:56  Marine x3  
  75  7:06  Siege Tank  
  72  7:11  SCV x3  
  72  7:15  Marine x3  
  74  7:23  SCV x3  
  77  7:33  Marine x3  
  77  7:35  SCV  
  81  7:48  SCV x3  
  71  7:52  Barracks Reactor  
  71  7:53  Marine  
  71  7:57  Barracks x2  
  60  8:00  SCV x2, Engineering Bay x2  
  60  8:01  Refinery, Barracks Reactor  
  60  8:02  Siege Tank  
  60  8:04  Orbital Command  
  65  8:09  SCV  
  65  8:11  Medivac x2  
  69  8:13  Marine  
  69  8:16  SCV x2  
  72  8:28  SCV x2, Marine x3, Combat Shield  
  72  8:29  Supply Depot  
  77  8:36  Siege Tank  
  77  8:37  Marine x2  
  82  8:46  Marine x2  
  73  8:56  SCV x3  
  73  9:03  Marine x4  
  73  9:05  Barracks Reactor x2  
  73  9:07  Terran Infantry Armor Level 1, Terran Infantry Weapons Level 1  
  77  9:14  SCV  
  78  9:17  Medivac  
  78  9:20  Marine x5  
  85  9:26  SCV  
  85  9:27  Supply Depot  
  85  9:28  Orbital Command  
  86  9:35  Siege Tank  
  89  9:40  SCV x2  
  91  9:47  Marine x9  
  100  9:55  Medivac x2  
  100  9:56  SCV x2  
Spawning Tool Build Advisor. Get it on Overwolf

Go to:

Details

  • Created by: Luye
  • Published on: Jan 27, 2020
  • Modified on: Jan 27, 2020
  • Patch: 4.11.0
Show
View Real Time Build Order
Export as new Build Order

Comments (0)

There are no comments. Be the first!

Create an account to comment!